Unix xNetHack Version 8.0.0 - last build Jun 13 2023 11:06:09 (4b7ecc64c373f7294607d497be3f7ce1783331ac). Game began 2023-06-24 21:54:41, ended 2023-06-25 14:29:18. Moult, neutral male gnomish Healer ---------- -----------........--- ----- .%-...+..............---... - -- -----------..................--- --..--.-----........|.....................--- |..--........-----...............%..........|. |~.v...------- |--...........<............|. |......*| |.....(.....[..............-|- --------- ----~%.....-------...........| |....%..| |.......|...| --------- ------------- Moult the Embalmer St:18 Dx:10 Co:16 In:16 Wi:15 Ch:12 Neutral S:3178 Dlvl:12 $:172 HP:0(42) Pw:24(37) AC:-10 Xp:6/557 T:15364 Latest messages: You gore the small mimic! The small mimic claws you! You gore the small mimic! You jab the small mimic. The small mimic is seriously wounded. You impale the small mimic. The small mimic is badly wounded. You impale the small mimic! The small mimic is critically wounded. You kill the small mimic! There are several objects here. H - a green gem {1}. J - a violet gem {1}. K - a white gem {1}. In what direction? h The door closes. The large dog falls into a pit! What do you want to use or apply? [fhilr-tvwAEP or ?*] l Your lamp is now on. The gnomish wizard casts a spell! The gnomish wizard is suddenly moving faster. What do you want to write with? [- ad-fkoxyABDEH-KMP or ?*] - You write in the dust with your fingertip. The imp misses! "Go away, or I shall taunt thee again!" The energy vortex engulfs you! Your mithril lamp called oil now goes out! You feel your magical energy drain away. You impale the energy vortex. You are jolted with electricity! The air around you crackles with electricity. You feel your magical energy drain away. You feel your magical energy drain away. You get expelled! Something is written here in the dust. You read: "mlbere?n". What do you want to write with? [- ad-fkoxyABDEH-KMP or ?*] - Do you want to add to the current engraving? n You wipe out the message that was written in the dust here. You write in the dust with your fingertip. The energy vortex turns to flee. The imp turns to flee. The energy vortex engulfs you! The air around you crackles with electricity. You feel your magical energy drain away. You jab the energy vortex. You are jolted with electricity! You die... Do you want your possessions identified? y Do you want to see your attributes? q Inventory: Inventory: 782/900 weight (43/52 slots) Coins $ - 172 gold pieces {2} Weapons k - a blessed +3 sling named Unlimited Sling {3} D - a +0 dagger {10} I - a +0 wooden dagger {3} y - a cursed -1 dagger {10} a - a +0 scalpel {5} M - a rustproof +1 aklys {15} Armor b - an uncursed burnt +1 pair of leather gloves (being worn) {8} z - an uncursed +0 pair of dwarvish boots (being worn) {38} g - a cursed +0 pair of speed boots {20} R - an uncursed +0 dwarvish cloak {10} G - a blessed -1 set of gray dragon scales (being worn) {30} u - a blessed +1 T-shirt with text "I got sick riding the Juiblex Express" (being worn) {4} q - an uncursed +5 copper banded mail (being worn) {279} Comestibles C - 5 uncursed apples {10} V - 2 uncursed bananas {4} X - an uncursed clove of garlic {1} S - 3 uncursed food rations {60} W - an uncursed food ration {20} F - an uncursed melon {5} n - an uncursed orange {2} Y - 3 uncursed tripe rations {30} Z - 2 uncursed tins of spinach {20} j - 2 uncursed eggs {2} Wands A - a wand of create monster (0:14) {7} P - a wand of magic missile (0:6) {7} f - a wand of sleep (0:8) {7} Tools t - an uncursed blindfold {2} r - an uncursed lock pick {4} w - an uncursed magic whistle {3} l - a blessed mithril oil lamp {11} i - a +0 pick-axe named !c {100} s - an uncursed stethoscope named 11937 4p tp {4} v - an uncursed stethoscope {4} h - a +0 unicorn horn named 12199 (weapon in hand) {20} Gems/Stones J - an uncursed amethyst stone {1} H - an uncursed emerald {1} B - an uncursed ruby {1} d - 2 uncursed worthless pieces of green glass {2} x - 4 uncursed worthless pieces of red glass {4} K - an uncursed worthless piece of white glass {1} e - an uncursed worthless piece of yellow glass {1} o - an uncursed worthless piece of yellowish brown glass {1} E - an uncursed luckstone named luck {10} Moult the Healer's attributes: Background: You were an Embalmer, a level 6 male gnomish Healer. You were neutral, on a mission for Hermes who was opposed by Athena (lawful) and Poseidon (chaotic). You were heterosexual. You were in the Gnomish Mines, on level 12. You entered the dungeon 15364 turns ago. You had 557 experience points, 83 more were needed to attain level 7. Your score was 3178 before end-of-game adjustments. Basics: You had 0 out of 42 hit points. You had 24 out of 37 energy points (spell power). Your armor class was -10. Your wallet contained 172 zorkmids. Autopickup was on for '_' plus thrown, with exceptions. Final Characteristics: Your strength was 18 (limit:18/50). Your dexterity was 10 (limit:18). Your constitution was 16 (limit:18). Your intelligence was 16 (limit:19). Your wisdom was 15 (limit:18). Your charisma was 12 (limit:18). Final Status: You were engulfed by an energy vortex. You were not hungry. You were unencumbered. You were wielding a unicorn horn. You had basic skill with unicorn horn. Final Attributes: You were piously aligned. You were magic-protected. You were poison resistant. You were telepathic. You had infravision. You had a small defense bonus (+4). You were warded. You were lucky. You had extra luck. Bad luck did not time out for you. Good luck did not time out for you. You are dead. Miscellaneous: You never encountered a bones level. Total elapsed playing time was 2 hours, 23 minutes and 58 seconds. Major events: Turn 1: Moult the neutral male gnomish Healer entered the dungeon 1057: entered the Gnomish Mines 1701: found Grimtooth in a shop 1861: made his first wish - "blessed fixed gray dragon scales", got "a set of gray dragon scales" 2488: entered Sokoban 2883: completed 1st Sokoban level 3593: completed 2nd Sokoban level 4087: completed 3rd Sokoban level 4204: attained the rank of Empiric (level 3) 14977: attained the rank of Embalmer (level 6) 15271: acquired the Mines' End luckstone 15364: killed by an energy vortex Vanquished creatures: a giant mimic a stalker a small mimic a large cat a red naga a watchman a chameleon a quivering blob a leprechaun 2 giant spiders a black light a vampire bat an owlbear a gray unicorn a rope golem an imp a bugbear an Uruk-hai 2 rock piercers a rock mole a yellow light 2 shriekers a violet fungus a gnome leader a gray ooze an elf zombie 2 paper golems 7 giant ants 5 floating eyes 2 kittens 9 dwarves a rothe a rabid rat a giant bat a monkey an orc zombie 3 dwarf zombies 2 wererats 7 iguanas 5 acid blobs a coyote 5 gas spores 9 hobbits 15 manes a large kobold a hobgoblin 6 giant rats 4 cave spiders a brown mold 5 yellow molds a green mold 4 red molds 12 gnomes 4 garter snakes 2 gnome zombies 11 geckos 5 jackals 4 foxes 5 kobolds 8 goblins 3 sewer rats 19 grid bugs 5 lichens a kobold zombie 16 newts 224 creatures vanquished. No species were genocided or became extinct. Voluntary challenges: You read items or engraved 63 times. You never genocided any monsters. You never polymorphed an object. You never changed form. You never touched an artifact. You used 1 wish. You did not wish for any artifacts. You were celibate. You never generated conflict. You did not violate any of the special Sokoban rules. Achievements: You entered a shop. You entered the Gnomish Mines. You entered a temple. You entered Sokoban. You attained the rank of Empiric. You attained the rank of Embalmer. You completed the Gnomish Mines. Dungeon overview: The Dungeons of Doom: levels 1 to 7 Level 1: "vault" A fountain. Level 2: A fountain. Level 3: A general store, a tree. Stairs down to The Gnomish Mines. Level 4: "vault" Many fountains, a grave. Level 5: Many fountains. Oracle of Delphi. Level 6: A fountain. Stairs up to Sokoban, level 5. Level 7: A fountain. The Gnomish Mines: levels 4 to 12 Level 4: Level 5: Level 6: Level 7: Many shops, a temple, some fountains. Level 8: Level 9: Level 10: Level 11: Level 12: <- You were here. Final resting place for you, killed by an energy vortex. Sokoban: levels 5 up to 2 Level 2: Unsolved. Level 3: Solved. Level 4: Solved. Level 5: Solved. Game over: __________ / \ / REST \ / IN \ / PEACE \ / \ | Moult | | 172 Au | | killed by an | | energy vortex | | | | | | 2023 | *| * * * | * _________)/\\_//(\/(/\)/\//\/|_)_______ Goodbye Moult the Healer... You died in The Gnomish Mines on dungeon level 12 with 3178 points, and 172 pieces of gold, after 15364 moves. You were level 6 with a maximum of 42 hit points when you died.